Map: Lightshade LE

Players

MaxPax - Winner!

  • Race: Protoss Protoss

uThermal

  • Race: Terran Terran

Event: DreamHack SC2 Masters 2021 Fall

VOD

Have the link to the VOD?

Description

Time

  • Played on: Aug. 12, 2021, 9:45 a.m.
  • Length: 15:20

All games in this series

Show
View Real Time Build Order
Export as new Build Order

MaxPax Protoss - Winner!

Build Orders: 1 Gate Expand, Blink Stalkers 

Get SALT Encoding   

  12  0:00  Probe  
  13  0:12  Probe  
  14  0:17  Pylon  
  14  0:24  Probe (Chrono Boost)  
  15  0:37  Probe (Chrono Boost)  
  15  0:39  Gateway  
  16  0:45  Probe (Chrono Boost)  
  16  0:48  Assimilator  
  17  0:51  Probe  
  18  1:03  Probe  
  19  1:15  Probe  
  20  1:28  Cybernetics Core  
  21  1:36  Nexus  
  20  1:41  Probe  
  20  1:46  Pylon  
  21  1:53  Probe  
  22  1:55  Assimilator  
  22  2:02  Adept (Chrono Boost)  
  22  2:05  Probe  
  22  2:06  Warp Gate  
  25  2:17  Probe  
  26  2:26  Twilight Council  
  26  2:28  Adept  
  28  2:31  Probe (Chrono Boost)  
  29  2:42  Probe (Chrono Boost)  
  30  2:44  Gateway  
  30  2:50  Probe (Chrono Boost)  
  32  2:51  Probe (Chrono Boost)  
  32  2:57  Blink (Chrono Boost)  
  32  2:58  Probe (Chrono Boost)  
  34  3:00  Probe (Chrono Boost)  
  34  3:03  Probe (Chrono Boost)  
  35  3:09  Probe  
  36  3:14  Probe  
  36  3:16  Robotics Facility  
  37  3:21  Probe  
  37  3:26  Probe  
  39  3:33  Probe  
  40  3:38  Probe  
  39  3:41  Gateway  
  39  3:44  Gateway  
  39  3:45  Probe  
  40  3:51  Probe  
  40  3:55  Stalker x2  
  45  3:58  Probe  
  46  4:05  Pylon  
  46  4:07  Assimilator  
  46  4:11  Pylon  
  46  4:14  Pylon  
  46  4:21  Warp Prism (Chrono Boost)  
  46  4:23  Probe x2  
  50  4:24  Stalker  
  50  4:25  Stalker  
  54  4:31  Pylon  
  54  4:33  Assimilator  
  54  4:38  Stalker, Probe  
  55  4:40  Stalker  
  55  4:41  Probe  
  60  4:50  Probe  
  61  4:53  Pylon  
  61  4:54  Probe  
  62  5:06  Robotics Bay  
  62  5:09  Forge, Stalker x2  
  62  5:11  Stalker  
  62  5:13  Observer (Chrono Boost)  
  69  5:29  Nexus  
  67  5:37  Probe x2, Immortal (Chrono Boost)  
  67  5:42  Stalker  
  75  5:49  Probe x2  
  77  5:59  Extended Thermal Lance (Chrono Boost)  
  77  6:01  Probe x2  
  79  6:06  Colossus (Chrono Boost)  
  79  6:09  Protoss Ground Weapons Level 1  
  85  6:13  Probe  
  85  6:14  Pylon  
  85  6:18  Pylon  
  86  6:25  Pylon  
  86  6:26  Charge  
  86  6:32  Probe x2  
  88  6:37  Shield Battery  
  88  6:40  Photon Cannon  
  88  6:41  Adept x2, Sentry  
  88  6:44  Probe x3  
  97  6:48  Observer  
  97  6:53  Colossus (Chrono Boost)  
  97  6:58  Probe  
  97  7:00  Probe  
  105  7:07  Gateway  
  105  7:11  Pylon  
  105  7:12  Pylon  
  104  7:16  Probe  
  105  7:22  Gateway  
  105  7:23  Gateway  
  105  7:25  Pylon  
  105  7:30  Stalker x4  
  105  7:36  Pylon  
  113  7:37  Probe x2  
  113  7:41  Colossus (Chrono Boost)  
  119  7:54  Photon Cannon  
  119  7:55  Pylon  
  119  7:56  Gateway  
  118  7:59  Gateway  
  118  8:03  Zealot x4  
  126  8:09  Zealot  
  128  8:15  Pylon  
  128  8:16  Shield Battery  
  128  8:18  Pylon  
  128  8:24  Disruptor (Chrono Boost)  
  127  8:34  Protoss Ground Weapons Level 2  
  127  8:40  Nexus  
  127  8:43  Pylon  
  126  8:54  Disruptor (Chrono Boost)  
  129  8:59  Probe x2  
  129  9:00  Stalker x4  
  127  9:09  Probe  
  128  9:17  Probe x2, Dark Shrine  
  128  9:18  Disruptor (Chrono Boost)  
  128  9:21  Pylon  
  133  9:27  Probe  
  133  9:29  Probe  
  135  9:33  Zealot x4  
  141  9:43  Zealot x3  
  141  9:45  Zealot  
  147  9:49  Disruptor (Chrono Boost)  
  147  9:53  Shield Battery  
  150  10:02  Stalker x3  
  148  10:16  Zealot x5  
  158  10:27  Pylon  
  154  10:32  Disruptor (Chrono Boost)  
  155  10:37  Shadow Stride  
  155  10:38  Probe x2  
  155  10:39  Probe  
  155  10:40  Photon Cannon  
  144  10:53  Dark Templar x5  
  154  11:07  Immortal (Chrono Boost)  
  158  11:12  Robotics Facility  
  158  11:13  Assimilator  
  158  11:14  Assimilator  
  158  11:15  Photon Cannon  
  156  11:19  Pylon, Zealot x4  
  164  11:28  Zealot x5  
  168  11:43  Disruptor  
  157  11:56  Zealot x9  
  151  12:19  Stalker x8  
  151  12:20  Stalker  
  151  12:21  Disruptor (Chrono Boost)  
  160  12:32  Probe x2  
  162  12:42  Assimilator  
  154  12:45  Assimilator  
  120  13:09  Zealot x4  
  128  13:16  Nexus  
  128  13:19  Pylon  
  124  13:28  Disruptor (Chrono Boost)  
  124  13:33  Dark Templar x4  
  133  13:39  Probe x3  
  136  13:47  Disruptor (Chrono Boost)  
  139  13:49  Zealot  
  139  14:18  Dark Templar x2  
  139  14:19  Dark Templar x3  
  116  14:44  Zealot x4  
Show
View Real Time Build Order
Export as new Build Order

uThermal Terran 

Build Orders: Reaper Expand 

Get SALT Encoding   

  12  0:00  SCV  
  13  0:12  SCV  
  14  0:16  Supply Depot  
  14  0:24  SCV  
  15  0:38  SCV  
  15  0:40  Barracks  
  15  0:42  Refinery  
  16  0:50  SCV  
  17  1:02  SCV  
  18  1:14  SCV  
  19  1:27  Reaper, Orbital Command  
  20  1:42  Command Center  
  20  1:52  Supply Depot  
  20  1:53  SCV  
  21  1:59  Marine  
  22  2:05  SCV  
  23  2:09  Factory  
  23  2:17  SCV  
  23  2:20  Marine, Bunker  
  25  2:24  Refinery  
  25  2:29  SCV  
  26  2:38  Barracks Reactor  
  26  2:41  SCV  
  27  2:53  SCV  
  27  2:55  Orbital Command  
  28  3:01  Starport  
  28  3:02  Widow Mine  
  30  3:05  SCV  
  31  3:14  Marine x2  
  31  3:17  SCV  
  34  3:22  SCV  
  34  3:23  Widow Mine  
  37  3:28  Supply Depot  
  37  3:30  SCV  
  37  3:32  Marine x2  
  40  3:34  SCV  
  40  3:38  Medivac  
  43  3:42  SCV  
  43  3:45  Factory Tech Lab  
  43  3:46  SCV  
  45  3:53  Marine x2  
  45  3:54  SCV  
  48  3:58  SCV  
  48  4:01  Supply Depot  
  48  4:06  SCV  
  49  4:10  SCV  
  49  4:11  Marine x2  
  49  4:12  Factory Tech Lab  
  49  4:14  Raven  
  54  4:19  Barracks  
  54  4:20  Barracks  
  54  4:23  SCV x2  
  56  4:25  Engineering Bay  
  56  4:27  Bunker  
  56  4:30  Siege Tank  
  59  4:31  Marine x2  
  59  4:36  Supply Depot  
  59  4:37  SCV  
  62  4:42  Refinery  
  62  4:51  Supply Depot  
  62  4:53  Refinery  
  62  4:57  Marine x2  
  62  4:58  SCV x2  
  62  4:59  Missile Turret  
  66  5:09  Starport Reactor  
  66  5:10  SCV x2  
  66  5:13  Supply Depot  
  68  5:14  Marauder  
  68  5:16  Marine, Marauder  
  68  5:17  Marine  
  74  5:21  Terran Infantry Weapons Level 1  
  74  5:22  SCV x2  
  74  5:26  Supply Depot  
  76  5:28  Combat Shield  
  76  5:34  SCV  
  76  5:37  Marine x2  
  76  5:38  Marauder  
  76  5:39  Marauder  
  76  5:41  SCV  
  83  5:45  Missile Turret  
  83  5:46  Missile Turret  
  83  5:51  Medivac x2  
  88  5:58  Marine  
  88  5:59  Marine  
  88  6:03  Supply Depot  
  88  6:04  Marine, Factory Reactor  
  88  6:05  Marauder  
  88  6:07  Stimpack  
  88  6:10  Supply Depot  
  91  6:16  Marine  
  91  6:17  Marine  
  93  6:22  Command Center  
  93  6:24  Medivac x2  
  97  6:25  Marine  
  97  6:27  Marine  
  99  6:37  Marine, Supply Depot  
  99  6:38  Marine  
  101  6:42  Supply Depot  
  101  6:44  Widow Mine, Marauder  
  101  6:45  Widow Mine, Marauder  
  109  6:48  Supply Depot  
  109  6:50  Concussive Shells  
  109  6:58  Marine, Medivac x2  
  114  7:04  Marine  
  114  7:05  Marauder  
  117  7:11  Widow Mine x2  
  117  7:15  Barracks x2  
  121  7:18  Marine x2, Terran Infantry Armor Level 1  
  121  7:21  Marine  
  124  7:24  Supply Depot  
  124  7:26  Marine  
  125  7:32  Widow Mine  
  125  7:33  Widow Mine  
  125  7:36  Marine, SCV x2, Marauder  
  134  7:40  Marine  
  133  7:44  Marauder  
  133  7:48  SCV  
  132  7:54  Marine  
  132  7:55  Viking x2  
  137  7:59  SCV, Ghost Academy  
  137  8:00  Marauder  
  137  8:04  Orbital Command  
  140  8:11  Marine, Marauder  
  144  8:17  Barracks Tech Lab  
  144  8:18  Barracks Tech Lab  
  143  8:20  SCV  
  143  8:21  Marauder  
  143  8:25  Viking x2  
  148  8:27  Supply Depot  
  148  8:30  SCV  
  148  8:33  SCV, Marauder  
  152  8:34  Supply Depot  
  152  8:38  Ghost  
  154  8:43  Supply Depot  
  154  8:45  Ghost  
  154  8:48  Ghost  
  156  8:53  Ghost  
  160  8:58  Supply Depot  
  156  9:04  SCV  
  156  9:05  Bunker, Viking, Missile Turret  
  156  9:08  Viking  
  157  9:10  Marine  
  157  9:15  Marine, Marauder  
  161  9:18  Ghost  
  161  9:22  SCV x2  
  163  9:25  Marine x2  
  165  9:34  Marine  
  165  9:36  SCV  
  165  9:37  Marauder  
  168  9:43  Viking x2  
  172  9:49  Ghost  
  172  9:50  SCV  
  175  10:13  Viking  
  164  10:15  Marine, Viking, Marauder  
  164  10:16  Marine  
  164  10:17  Marauder  
  169  10:23  Marine  
  169  10:24  Marauder  
  171  10:29  SCV x2  
  171  10:33  Marine  
  171  10:34  Marine  
  175  10:37  Marauder  
  175  10:38  Marauder  
  175  10:41  Marine  
  179  10:46  Supply Depot x2  
  179  10:57  Supply Depot  
  179  11:07  Marine x3  
  179  11:08  SCV, Marauder x3  
  189  11:18  SCV  
  189  11:24  Viking  
  189  11:25  Marine, Marauder  
  193  11:27  Bunker  
  193  11:28  Command Center  
  193  11:29  Marauder  
  193  11:34  Marine, Marauder, Missile Turret  
  193  11:38  Marine  
  184  11:47  Marauder  
  184  11:49  Marine  
  184  11:50  Viking  
  184  11:51  Marine, Marauder  
  190  11:55  Marauder  
  190  11:56  Marauder  
  191  12:07  Marine  
  191  12:08  Marine  
  193  12:12  Marauder  
  177  12:20  Marine, Marauder  
  177  12:21  Marauder  
  172  12:24  Marine  
  172  12:25  Medivac x2  
  172  12:26  SCV  
  172  12:27  Marine  
  177  12:33  Marauder  
  179  12:38  Marine  
  179  12:42  Marine, Marauder x2  
  183  12:45  Marine  
  171  12:55  Marine, Marauder  
  149  12:59  Viking x2  
  149  13:00  Marine  
  149  13:03  Marine, Marauder x2  
  149  13:05  SCV  
  158  13:06  Armory  
  158  13:07  Engineering Bay  
  158  13:09  SCV x2  
  160  13:13  Marine  
  160  13:16  Marauder  
  160  13:17  SCV  
  160  13:18  Marine  
  164  13:20  Marine  
  164  13:24  Marauder  
  164  13:27  Marine  
  164  13:29  Medivac  
  164  13:32  SCV  
  165  13:34  SCV  
  165  13:36  Marine  
  165  13:37  Marauder  
  165  13:39  Marauder  
  171  13:41  Barracks  
  171  13:42  Barracks  
  171  13:43  Medivac  
  173  13:55  Marine  
  174  13:56  Marauder  
  174  14:00  Marauder x3  
  174  14:01  Planetary Fortress  
  176  14:03  Marine  
  177  14:13  Marine  
  159  14:33  Marauder  

Tags
 
Add a new tag
Caveats
  • Supply blocks, unpowered buildings, or Contaminate may cause inaccurate times.
  • Supply counts are checked every 10 seconds.